[Event "*** Titled Tuesday Blitz"]
[Site "Chess.com"]
[Date "2019.11.05"]
[Round "3"]
[White "DinaBelenkaya"]
[Black "KL31"]
[Result "0-1"]
[WhiteElo "2296"]
[BlackElo "2510"]
[TimeControl "180+2"]
[EndTime "13:37:52 PST"]
[Termination "KL31 won by resignation"]

1. e4 e6 2. Qe2 c5 3. Nf3 Nc6 4. g3 g6 5. Bg2 Bg7 6. O-O Nge7 7. c3 d6 8. Rd1 e5 9. Na3 O-O 10. d3 f5 11. Nc4 h6 12. a4 Be6 13. b3 Qc7 14. Bb2 f4 15. d4 exd4 16. cxd4 Bg4 17. dxc5 dxc5 18. Bxg7 Kxg7 19. Qb2+ Kh7 20. Rd3 fxg3 21.
hxg3 Bxf3 22. Bxf3 Nd4 23. Bg2 Nec6 24. f4 Nb4 25.
Rd2 g5 26. e5 gxf4 27. Be4+ Kh8 28. Rxd4 cxd4 29. Qxd4 Qg7 30. Ra2 Rad8 31. Nd6 Nc6 32.
Bxc6 bxc6 33. Rg2 fxg3 34. Qe3 Rxd6 35. Rxg3 Rg6 36. Kh2 Rxg3 37. Qxg3 Qxg3+ 38. Kxg3 Kg7 39. Kg4 Kg6 40. Kh4 Kf5 0-1

[Event "*** Titled Tuesday Blitz"]
[Site "Chess.com"]
[Date "2019.11.05"]
[Round "3"]
[White "ferdipy"]
[Black "LimeInTheCoconut"]
[Result "0-1"]
[WhiteElo "2205"]
[BlackElo "2453"]
[TimeControl "180+2"]
[EndTime "13:37:53 PST"]
[Termination "LimeInTheCoconut won by checkmate"]

1. e4 c5 2. Nf3 g6 3. d4 cxd4 4. Nxd4 Nc6 5. Nc3 Bg7 6. Be3 Nf6 7. Bc4 O-O 8. Bb3 Qa5 9. O-O d6 10. h3 Bd7 11. Qd2 Nxd4 12. Bxd4 Nxe4 13. Qd3 Nxc3 14. bxc3 Bf5 15. Qg3 e5 16. Be3 Qxc3 17. Rad1 Qc7 18. h4 h5 19. f4 e4 20. Rd2 b5 21. Rfd1 Rfd8 22. Rd5 Bg4 23. R1d2 a6 24. Rg5 Kh7 25. Rdd5 f5 26. Rxg4 fxg4 27. f5 Be5 28. fxg6+ Kxg6 29. Bf4 Re8 30. Qe3 Qa7 31. Qxa7 Rxa7 32.
Bxe5 Rxe5 33. Rxd6+ Kf5 34. Kf2 e3+ 35. Ke2 g3 36.
Kf3 e2 37. c4 Re3+ 38. Kxe3 e1=Q+ 39. Kf3 Qf2# 0-1

[Event "*** Titled Tuesday Blitz"]
[Site "Chess.com"]
[Date "2019.11.05"]
[Round "3"]
[White "Kazan28"]
[Black "isla88"]
[Result "1/2-1/2"]
[WhiteElo "2358"]
[BlackElo "2175"]
[TimeControl "180+2"]
[EndTime "13:37:53 PST"]
[Termination "Game drawn by repetition"]

1. e4 d6 2. d4 Nf6 3. f3 e5 4. d5 c6 5. c4 cxd5 6. cxd5 g6 7. Nc3 Bg7 8. Be3 O-O 9. Qd2 Nbd7 10. Nh3 a6 11.
Bd3 b5 12. Nf2 Nh5 13. b4 Nf4 14. O-O Nb6 15. Rfc1 Nxd3 16. Qxd3 Nc4 17. a4 Nxe3 18. Qxe3 Bd7 19. axb5 axb5 20. Nd3 f5 21. h3 h5 22. Rf1 f4 23. Qf2 g5 24. Rxa8 Qxa8 25. Qb6 Qa3 26.
Rc1 Rc8 27. Qxd6 Rxc3 28. Qxd7 Rxc1+ 29. Nxc1 Qxc1+ 30. Kh2 Qc4 31. Qe8+ Bf8 32. Qg6+ Bg7 33. Qe8+ Kh7 34. Qxh5+ Bh6 35. Qf7+ Kh8 36. Qe8+ Kg7 37. Qe7+ Kg6 38. Qe8+ Kh7 39. d6 Qxb4 40. Qf7+ Bg7 41. Qf5+ Kh6 42. Qe6+ Kh7 43. d7 Qe1 44. Qf5+ Kh6 45.
Qe6+ Kh7 46. Qf5+ Kh6 47. Qe6+ Kh7 1/2-1/2

[Event "*** Titled Tuesday Blitz"]
[Site "Chess.com"]
[Date "2019.11.05"]
[Round "3"]
[White "medalja"]
[Black "DACF2905"]
[Result "1-0"]
[WhiteElo "2399"]
[BlackElo "2184"]
[TimeControl "180+2"]
[EndTime "13:37:58 PST"]
[Termination "medalja won by checkmate"]

1. Nf3 d5 2. d4 Nf6 3. c4 e6 4. g3 Be7 5. Bg2 c6 6. O-O O-O 7. Qc2 Nbd7 8. Bf4 Re8 9. Nbd2 dxc4 10. Nxc4 Nb6 11. b3 c5 12. Rad1 Nbd5 13. dxc5 Bd7 14. Bd6 Rc8 15. e4 Nb4 16. Qe2 Bb5 17. a4 Bxc4 18.
Qxc4 Nc6 19. e5 Nd5 20. h4 Bxd6 21. exd6 b6 22. Ng5 Na5 23. Qd3 g6 24. Bxd5 exd5 25. b4 Nc6 26. Qxd5 Qd7 27. cxb6 axb6 28. Nxf7 Nxb4 29.
Nh6+ Kg7 30. Qd4+ Kxh6 31. Qxb4 Rc6 32. Rd5 Re2 33. Qf4+ Kg7 34. h5 Re6 35. h6+ Kg8 36. Rfd1 Rc8 37. Qd4 Rf8 38. Qxb6 Ref6 39. R5d2 g5 40.
Qc7 Qh3 41. Qg7# 1-0

[Event "*** Titled Tuesday Blitz"]
[Site "Chess.com"]
[Date "2019.11.05"]
[Round "3"]
[White "MartinZumsande"]
[Black "cherryandmint"]
[Result "1-0"]
[WhiteElo "2562"]
[BlackElo "2822"]
[TimeControl "180+2"]
[EndTime "13:38:00 PST"]
[Termination "MartinZumsande won by resignation"]

1. e4 e5 2. Nf3 Nc6 3. Bc4 Nf6 4. d3 Bc5 5. O-O O-O 6. a4 d6 7. c3 a5 8. Bg5 h6 9. Bh4 g5 10. Bg3 Bb6 11. Na3 Bg4 12. Nc2 Nh5 13. Kh1 Kg7 14. h3 Nxg3+ 15. fxg3 Be6 16. Bxe6 fxe6 17. Nh2 Rxf1+ 18.
Qxf1 Qe8 19. Qe2 Ne7 20. Ne3 Bxe3 21. Qxe3 Ng8 22. Ng4 Qg6 23. Rf1 h5 24. Nh2 Nf6 25.
Nf3 Nh7 26. d4 exd4 27. Nxd4 Rf8 28. Rxf8 Kxf8 29. e5 Ke7 30. exd6+ cxd6 31. Nb5 h4 32. gxh4 gxh4 33. Qb6 Qg3 34. Qc7+ Kf6 35. Qxd6 Qe1+ 36. Kh2 Ng5 37. Qf4+ Kg6 38. Nd4 e5 39. Qxg5+ 1-0

[Event "*** Titled Tuesday Blitz"]
[Site "Chess.com"]
[Date "2019.11.05"]
[Round "3"]
[White "Philosopherrr"]
[Black "Vojtap"]
[Result "1-0"]
[WhiteElo "2343"]
[BlackElo "2144"]
[TimeControl "180+2"]
[EndTime "13:38:04 PST"]
[Termination "Philosopherrr won by resignation"]

1. c4 Nf6 2. Nc3 g6 3. Nf3 Bg7 4. h4 h5 5. e4 d6 6. d4 O-O 7. Ng5 e5 8. d5 Na6 9. Be2 Bd7 10. Be3 c6 11. dxc6 Bxc6 12. Nd5 Nc5 13. Bxc5 dxc5 14. O-O Nh7 15. Nxh7 Kxh7 16. g3 f5 17. exf5 Rxf5 18. Bd3 e4 19. Bxe4 Re5 20. Qc2 Qd6 21. Rad1 Rae8 22.
Bg2 Qf8 23. Nf4 Rf5 24. Bxc6 bxc6 25. Rfe1 Be5 26. Rd7+ Kh6 27. Nh3 Re7 28. Qd2+ Kg7 29. Rxe7+ Qxe7 30. f4 Qd6 31. Qxd6 Bxd6 32. Re6 Rf6 33.
Rxf6 Kxf6 34. Kf2 Kf5 35. Kf3 Be7 36. Nf2 Bf6 37. b3 Bd4 38. Ne4 Ke6 39. g4 Ke7 40.
gxh5 gxh5 41. Ng3 Bf6 42. Ke4 Ke6 43. Nxh5 Bxh4 44. f5+ Ke7 45. Ke5 Bf2 46. f6+ Kf7 47.
Kd6 Be1 48. Kxc6 Bb4 49. Nf4 Kxf6 50. Nd5+ Ke5 51. Nxb4 cxb4 52. Kb5 Kd4 53. Kxb4 1-0

[Event "*** Titled Tuesday Blitz"]
[Site "Chess.com"]
[Date "2019.11.05"]
[Round "3"]
[White "Tsschessulover"]
[Black "Alextorngren"]
[Result "1/2-1/2"]
[WhiteElo "2431"]
[BlackElo "2209"]
[TimeControl "180+2"]
[EndTime "13:38:09 PST"]
[Termination "Game drawn by repetition"]

1. d4 e6 2. c4 b6 3. e4 Bb7 4. Bd3 Bb4+ 5. Kf1 c5 6. d5 b5 7. Nf3 d6 8. dxe6 fxe6 9. cxb5 Nf6 10. Qe2 O-O 11. Bd2 Bxd2 12. Nbxd2 d5 13. Rc1 c4 14. Bb1 Nbd7 15. g3 Nc5 16. e5 Ng4 17. Kg2 Qb6 18. h3 Nh6 19. Nd4 a6 20. bxa6 Bxa6 21. N2f3 c3 22. Qc2 Bd3 23. Qxc3 Bxb1 24. Qxc5 Qxc5 25. Rxc5 Be4 26. Ra1 Nf5 27. Kg1 Bxf3 28. Nxf3 Nxg3 29. fxg3 Rxf3 30. Kg2 Re3 31. Kf2 Rxe5 32. b4 Rf8+ 33. Kg1 Re3 34. b5 Rxg3+ 35. Kh2 Rff3 36. Rc8+ Kf7 37.
Rf1 Rxh3+ 38. Kg2 Rg3+ 39. Kh2 Rh3+ 40. Kg2 Rg3+ 41. Kh2 Rh3+ 1/2-1/2

[Event "*** Titled Tuesday Blitz"]
[Site "Chess.com"]
[Date "2019.11.05"]
[Round "3"]
[White "ChessWarrior7197"]
[Black "swisspower96"]
[Result "1-0"]
[WhiteElo "2945"]
[BlackElo "2716"]
[TimeControl "180+2"]
[EndTime "13:38:10 PST"]
[Termination "ChessWarrior7197 won by resignation"]

1. e4 e6 2. d4 d5 3. Nc3 Bb4 4. Ne2 dxe4 5. a3 Be7 6. Nxe4 Nf6 7. Nxf6+ Bxf6 8. Be3 O-O 9. Qd2 Nd7 10. O-O-O b5 11.
Nc3 a6 12. Ne4 Bb7 13. Bd3 Rb8 14. h4 Re8 15. h5 Be7 16. Ng5 Nf8 17. h6 g6 18. f3 Bd5 19. Ne4 Qd7 20. Nc5 Qc6 21. Rhe1 Nd7 22. Nxd7 Qxd7 23. Bg5 f6 24. Bh4 b4 25. axb4 Qa4 26. c3 a5 27. Qe2 Bb3 28.
Kd2 Qa2 29. Ke3 axb4 30. Ra1 bxc3 31. Rxa2 Bxa2 32. bxc3 Bd5 33. Bc4 g5 34. Bxd5 exd5 35. Kf2 gxh4 36. Qe6+ Kf8 37. Qg4 Rb2+ 38. Kf1 1-0

[Event "*** Titled Tuesday Blitz"]
[Site "Chess.com"]
[Date "2019.11.05"]
[Round "3"]
[White "AtabayevSaparmyrat"]
[Black "WeAintSurePal"]
[Result "0-1"]
[WhiteElo "2629"]
[BlackElo "2454"]
[TimeControl "180+2"]
[EndTime "13:38:14 PST"]
[Termination "WeAintSurePal won by checkmate"]

1. d4 Nf6 2. c4 e6 3. Nc3 d5 4. Bg5 c6 5. e3 Nbd7 6. Nf3 Qa5 7. Nd2 dxc4 8. Bxf6 Nxf6 9. Bxc4 Be7 10. O-O O-O 11. Bd3 Qc7 12. Rc1 Bd7 13. Nc4 Rfd8 14. Qf3 Rac8 15. Ne4 Be8 16. Qh3 h6 17. Ne5 Nxe4 18.
Bxe4 Bd6 19. Nd3 Qe7 20. Qf3 f5 21. Bxf5 exf5 22. Qxf5 Bd7 23. Qh5 Rf8 24. Qe2 Rce8 25. Rce1 Qh4 26. f4 Bf5 27. Ne5 Bxe5 28. fxe5 Be4 29. b4 b5 30. a4 bxa4 31. Qa2+ Kh7 32. Qxa4 Rxf1+ 33. Rxf1 Re6 34. Qd1 Rg6 35. Rf2 Qe7 36.
Qd2 Qe6 37. Qb2 Qc4 38. Qd2 Qb3 39. Qe1 Qd3 40. h3 Bd5 41. Kh2 Qe4 42. Qe2 Qh4 43. Qc2 Qg3+ 44. Kg1 Qxe3 45. Qd2 Rxg2+ 46. Kf1 Qxd2 47.
Rxd2 Rxd2 48. Ke1 Rxd4 49. Ke2 Re4+ 50. Kd3 Rxe5 51. b5 cxb5 52. Kd4 Rh5 53. h4 Rxh4+ 54. Kxd5 b4 55. Kc5 b3 56. Kb5 b2 57. Ka6 b1=Q 58.
Kxa7 Ra4# 0-1

[Event "*** Titled Tuesday Blitz"]
[Site "Chess.com"]
[Date "2019.11.05"]
[Round "3"]
[White "olksuna"]
[Black "tteshan"]
[Result "1-0"]
[WhiteElo "2560"]
[BlackElo "2286"]
[TimeControl "180+2"]
[EndTime "13:38:15 PST"]
[Termination "olksuna won by resignation"]

1. c4 c5 2. Nc3 Nc6 3. g3 g6 4.
Bg2 Bg7 5. Nf3 e6 6. d4 cxd4 7.
Nb5 d6 8. Nfxd4 Nxd4 9. Nxd4 Qa5+ 10. Bd2 Qb6 11. Bc3 a6 12. O-O Ne7 13. Nb5 axb5 14. Bxg7 Rg8 15. Bd4 Qa6 16. cxb5 Qxb5 17. a4 Qa6 18. b4 e5 19. Be3 Nf5 20. Bg5 h6 21. Bc1 Qb6 22. b5 Be6 23. e4 Nd4 24. Bxh6 Rh8 25. Be3 Qc5 26. Bxd4 exd4 27. Qd2 Qe5 28. Rfd1 Qh5 29. h4 Bg4 30. Rdc1 Qe5 31. Rc4 d3 32. Rac1 Be2 33. Rc8+ Ke7 34. R8c7+ Kf6 35. Rxb7 Kg7 36. Rcc7 Rhf8 37. a5 Qa1+ 38. Kh2 Rxa5 39. e5 Ra2 40. Qf4 Qxe5 41. Rxf7+ 1-0

[Event "*** Titled Tuesday Blitz"]
[Site "Chess.com"]
[Date "2019.11.05"]
[Round "3"]
[White "babadroga92"]
[Black "severomorskij"]
[Result "0-1"]
[WhiteElo "2666"]
[BlackElo "2864"]
[TimeControl "180+2"]
[EndTime "13:38:17 PST"]
[Termination "severomorskij won on time"]

1. e4 c5 2. Nf3 Nc6 3. Bb5 g6 4.
Bxc6 dxc6 5. h3 Bg7 6. d3 Qc7 7. Nc3 e5 8. Be3 b6 9. a3 Be6 10. b4 c4 11. b5 cxd3 12. Qxd3 Rd8 13. Qe2 Ne7 14. O-O h6 15. Rfd1 O-O 16. a4 Kh7 17.
Ne1 f5 18. f3 f4 19. Bf2 g5 20. Nd3 Bc4 21. Rd2 h5 22. Qd1 c5 23. Nb2 Be6 24. a5 Ng6 25. Nd5 Bxd5 26. Rxd5 Rxd5 27. Qxd5 Rd8 28. axb6 axb6 29. Ra7 Qxa7 30. Qxd8 Qa1+ 31. Nd1 Qc1 32. c4 Qxc4 33. Qxb6 Qd3 34. Nb2 Qb1+ 35. Kh2 Qxb2 36. Qxc5 Bf8 37. Qa7+ Kh6 38. Bg1 Qxb5 39. Qf7 Bc5 0-1

[Event "*** Titled Tuesday Blitz"]
[Site "Chess.com"]
[Date "2019.11.05"]
[Round "3"]
[White "vova-79"]
[Black "zim0ne"]
[Result "0-1"]
[WhiteElo "2417"]
[BlackElo "2625"]
[TimeControl "180+2"]
[EndTime "13:38:17 PST"]
[Termination "zim0ne won by resignation"]

1. d4 Nf6 2. c4 g6 3. Nf3 Bg7 4. g3 d5 5. cxd5 Nxd5 6. Bg2 O-O 7. O-O Nc6 8. Nc3 Nb6 9. e3 a5 10. b3 Bg4 11. h3 Be6 12. Ba3 Qd7 13. Kh2 a4 14.
Ne4 Bd5 15. Nc5 Qc8 16. bxa4 e5 17. Nxe5 Bxg2 18. Kxg2 Nxe5 19. dxe5 Bxe5 20. Rc1 Rd8 21. Qb3 Qf5 22. Rfd1 Bd6 23. e4 Qe5 24. f4 Qe8 25.
e5 Bf8 26. Qf3 Nxa4 27. Nxa4 Rxd1 28. Rxd1 Bxa3 29. Qxa3 Rxa4 30. Qb3 Qc6+ 31. Kh2 Rc4 32. Rd2 Rc1 33. Rg2 b5 34. g4 Qe4 35. Qg3 b4 36. h4 Rc3 37. Qf2 Rf3 38. Qd2 Qxf4+ 39. Qxf4 Rxf4 0-1

[Event "*** Titled Tuesday Blitz"]
[Site "Chess.com"]
[Date "2019.11.05"]
[Round "3"]
[White "Ceejay271"]
[Black "sergeikim"]
[Result "1/2-1/2"]
[WhiteElo "2305"]
[BlackElo "2553"]
[TimeControl "180+2"]
[EndTime "13:38:17 PST"]
[Termination "Game drawn by repetition"]

1. d4 Nf6 2. c4 g6 3. Nc3 Bg7 4. e4 d6 5. h3 O-O 6. Be3 e5 7. d5 a5 8. g4 Na6 9. Nge2 Nc5 10. Ng3 Bd7 11. f3 c6 12. Qd2 cxd5 13. cxd5 Rc8 14. h4 a4 15. h5 Ne8 16. Bh6 Bxh6 17. Qxh6 Qe7 18. Rc1 g5 19. Nf5 Bxf5 20. gxf5 f6 21. Rg1 Ng7 22. Bb5 Kh8 23. Ke2 Ra8 24. Rc2 Qf7 25.
Rh1 Qe7 26. Kf2 Ra5 27. Kg3 Kg8 28. Kg4 Rfa8 29. Rg1 Rf8 30. Rcg2 Qc7 31. Kh3 Qf7 32. Kg4 Qc7 33. Kh3 Qf7 34. Kg4 Kh8 35. Rh2 Qc7 36.
Kh3 Qe7 37. Rhg2 Qf7 38. Kg4 Rg8 39. Rh2 Qe7 40. Rhg2 Qf7 41. Rh2 Raa8 42. Rgh1 Qe7 43. Rg1 Rgf8 44. Rhg2 Qf7 45. Rh2 Qe7 46. Rhg2 Qf7 47.
Rh2 Qe7 1/2-1/2

[Event "*** Titled Tuesday Blitz"]
[Site "Chess.com"]
[Date "2019.11.05"]
[Round "3"]
[White "WinningButNotReally"]
[Black "gemarin"]
[Result "1-0"]
[WhiteElo "2427"]
[BlackElo "2130"]
[TimeControl "180+2"]
[EndTime "13:38:17 PST"]
[Termination "WinningButNotReally won by checkmate"]

1. Nf3 d5 2. c4 c6 3. g3 Nf6 4. Bg2 Bf5 5. O-O e6 6. d4 Be7 7. Nbd2 h6 8. b3 O-O 9. Bb2 a5 10. Ne5 Nbd7 11. Rc1 Re8 12. Re1 a4 13. Nxd7 Nxd7 14.
e4 dxe4 15. Nxe4 axb3 16. axb3 Ra2 17. Bc3 Nf6 18. Nc5 Bxc5 19. dxc5 Ng4 20. Bd4 e5 21. Bf3 exd4 22. Rxe8+ Qxe8 23. Bxg4 Bxg4 24. Qxg4 d3 25.
Rd1 d2 26. Kf1 Qe5 27. Qe2 Qd4 28. Qe8+ Kh7 29. Qxf7 Qd3+ 30. Kg2 Qe4+ 31. Qf3 Qc2 32. h4 Rb2 33. Qe2 Kg8 34. h5 Kf8 35. Ra1 Kf7 36. Qf3+ Ke6 37. Ra8 d1=Q 38. Re8+ Kd7 39.
Qf7# 1-0

[Event "*** Titled Tuesday Blitz"]
[Site "Chess.com"]
[Date "2019.11.05"]
[Round "3"]
[White "ehrenfeld"]
[Black "Jospem"]
[Result "1-0"]
[WhiteElo "2517"]
[BlackElo "2847"]
[TimeControl "180+2"]
[EndTime "13:38:18 PST"]
[Termination "ehrenfeld won by checkmate"]

1. e4 e5 2. Nc3 Nc6 3. Bc4 Bc5 4. Qg4 g6 5. Qf3 Nf6 6. Nge2 d6 7. d3 Bg4 8. Qg3 Qd7 9. h3 Be6 10. Bg5 Nh5 11.
Qf3 h6 12. Be3 Bxe3 13. Qxe3 Bxc4 14. dxc4 Nf6 15. O-O g5 16. Rad1 Qe7 17. Ng3 Nd4 18. Nd5 Nxd5 19. cxd5 f5 20. exf5 O-O 21. Rxd4 Rae8 22.
Rdd1 a6 23. Qf3 Qf7 24. Qh5 Qxh5 25. Nxh5 Rxf5 26. Ng3 Rf4 27. Rfe1 Rc4 28. c3 Rf8 29. Ne4 Ra4 30. a3 Ra5 31. f3 Rb5 32. b4 Rd8 33. c4 Rb6 34. Kf2 Kg7 35. Ke3 Kg6 36. Rh1 c5 37.
bxc5 dxc5 38. Rb1 Rxb1 39. Rxb1 b5 40. cxb5 axb5 41. Rxb5 Rxd5 42. Rb6+ Kg7 43. Rc6 Rd1 44. Rxc5 Ra1 45. Rc3 Ra2 46. g4 Kf7 47. Kd3 Ke6 48. Kc4 Kd7 49. Kd5 Rh2 50. Kxe5 Rxh3 51. a4 Rh1 52. Ra3 Kc7 53. a5 Kb7 54. a6+ Ka7 55.
Kf5 Rc1 56. Nd6 Rc5+ 57. Ke6 Ka8 58. a7 h5 59. gxh5 g4 60. h6 g3 61. Kf6 Rc1 62.
f4 g2 63. h7 Rh1 64. Rg3 Rxh7 65. Rxg2 Rh6+ 66. Ke5 Rh1 67. f5 Re1+ 68. Ne4 Kxa7 69.
f6 Rf1 70. Rf2 Ra1 71. f7 Ra5+ 72. Kd4 Ra6 73. f8=Q Ra4+ 74. Kd5 Ra5+ 75. Nc5 Kb6 76. Rf6+ Kb5 77. Qb8# 1-0

[Event "*** Titled Tuesday Blitz"]
[Site "Chess.com"]
[Date "2019.11.05"]
[Round "3"]
[White "German_Bazeev"]
[Black "jefferyx"]
[Result "0-1"]
[WhiteElo "2708"]
[BlackElo "2942"]
[TimeControl "180+2"]
[EndTime "13:38:19 PST"]
[Termination "jefferyx won by resignation"]

1. c4 g6 2. Nc3 c5 3. g3 Bg7 4. Bg2 Nc6 5. h4 Nf6 6. Nh3 Rb8 7. Nf4 a6 8. h5 b5 9. h6 Bf8 10. d3 e6 11. b3 Bd6 12. Bb2 O-O 13.
Bxc6 dxc6 14. Qd2 e5 15. Ng2 a5 16. Ne3 Re8 17. Ne4 Bf8 18. f3 a4 19. bxa4 bxa4 20. g4 Nd7 21. Bc3 f6 22. Kf2 Qe7 23. Qc2 Nb6 24.
Rab1 Be6 25. g5 fxg5 26. Rxb6 Rxb6 27. Bxe5 Bf5 28. Ng4 Bxg4 29. Nf6+ Kf7 30. Nxg4 Qd8 31. Rb1 Rxb1 32. Qxb1 Bd6 33. Bf6 Qc7 34. e4 Bf4 35. e5 Qd7 36. Qc2 Rb8 37. e6+ Qxe6 38. Bc3 Re8 39. Nf6 Qe3+ 0-1

[Event "*** Titled Tuesday Blitz"]
[Site "Chess.com"]
[Date "2019.11.05"]
[Round "3"]
[White "Knight8700"]
[Black "Darhild"]
[Result "0-1"]
[WhiteElo "2422"]
[BlackElo "2703"]
[TimeControl "180+2"]
[EndTime "13:38:20 PST"]
[Termination "Darhild won by resignation"]

1. e4 c5 2. Nf3 d6 3. d4 cxd4 4. Nxd4 Nf6 5. Nc3 a6 6. h3 e6 7. g4 h6 8. Bg2 g5 9. Be3 Nbd7 10.
Qe2 Ne5 11. f4 gxf4 12. Bxf4 Nfd7 13. O-O-O b5 14. Nf5 exf5 15. exf5 Rb8 16. Bc6 Be7 17. f6 Bxf6 18. Rxd6 O-O 19. Bxd7 Nxd7 20. Rxf6 Qxf6 21. Nd5 Qg7 22. Ne7+ Kh8 23. Nf5 Qg6 24. Rd1 Rb6 25.
Bd6 Rg8 26. Kb1 Nf6 27. Ne7 Qe4 28. Qxe4 Nxe4 29. Be5+ f6 30. Nxg8 fxe5 31. Ne7 Be6 32. Ng6+ Kg7 33. Nxe5 Rd6 34. Re1 Nf2 35. Kc1 Nxh3 36.
Re3 Ng5 37. Rc3 Kf6 38. Re3 Rd5 39. Nc6 Bxg4 40. Ra3 Rd6 41. Nb4 h5 0-1

[Event "*** Titled Tuesday Blitz"]
[Site "Chess.com"]
[Date "2019.11.05"]
[Round "3"]
[White "MathiasWomacka"]
[Black "SerGo055"]
[Result "0-1"]
[WhiteElo "2300"]
[BlackElo "2521"]
[TimeControl "180+2"]
[EndTime "13:38:20 PST"]
[Termination "SerGo055 won on time"]

1. e4 d5 2. exd5 Qxd5 3. Nc3 Qd8 4. d4 Nf6 5. Nf3 g6 6. Bc4 Bg7 7. Bf4 O-O 8. Qd2 a6 9. Bh6 b5 10. Bb3 Bb7 11. Bxg7 Kxg7 12. O-O-O Bxf3 13. gxf3 Nc6 14. h4 h5 15. d5 Na5 16. Ne4 Nxb3+ 17. axb3 a5 18.
Kb1 a4 19. b4 Ra6 20. Qd3 Qb8 21. f4 Nxe4 22. Qxe4 Rf6 23. Qxe7 Rxf4 24. Qe5+ Rf6 25. Rhe1 Qd8 26. Qd4 Qd6 27. Re5 Kg8 28. f4 Rd8 29.
f5 Kh7 30. fxg6+ fxg6 31. Rde1 Rd7 32. Re8 Rg7 33. R8e6 Rxe6 34. Rxe6 Qg3 35. Re8 a3 36. bxa3 Qxa3 0-1

[Event "*** Titled Tuesday Blitz"]
[Site "Chess.com"]
[Date "2019.11.05"]
[Round "3"]
[White "semchik73"]
[Black "riconaipe"]
[Result "0-1"]
[WhiteElo "2395"]
[BlackElo "2613"]
[TimeControl "180+2"]
[EndTime "13:38:23 PST"]
[Termination "riconaipe won by resignation"]

1. Nf3 Nf6 2. c4 e6 3. Nc3 d5 4. d4 a6 5. Bg5 Be7 6. e3 O-O 7. Bd3 dxc4 8. Bxc4 b5 9. Bd3 Bb7 10. O-O Nbd7 11. Rc1 c5 12. Qe2 cxd4 13. Nxd4 Nc5 14. Bb1 Nd5 15. Bxe7 Qxe7 16. Nxd5 Bxd5 17. Qc2 Ne4 18.
f3 Nf6 19. e4 Bc4 20. e5 Qc5 21. exf6 Qxd4+ 22. Kh1 g6 23. Rfd1 Qxf6 24. b3 Bd5 25.
Qd2 Rac8 26. Qh6 Qg7 27. Qg5 h6 28. Qe3 h5 29. b4 Qb2 30. Qg5 Kg7 31. h4 Qf6 32. Qg3 Rfd8 33. Rc7 Rxc7 34. Qxc7 Qxh4+ 35. Kg1 Re8 36. Qd7 Qe7 37. Qxe7 Rxe7 38. Rc1 Bc4 39. Rd1 Bd5 40. Rc1 Kf6 41. Rc8 Rd7 42. Kh2 Rd6 43. a3 Rc6 44. Rd8 Rc3 45. Kg3 Rxa3 46. Rc8 Ra4 47. Bd3 Rxb4 48. Be2 a5 49. Rc5 a4 50. Bxb5 a3 51. Be8 a2 52. Ra5 Rb8 53. Bd7 Ke7 54. Ra7 Rb7 0-1

[Event "*** Titled Tuesday Blitz"]
[Site "Chess.com"]
[Date "2019.11.05"]
[Round "3"]
[White "pedroholly22"]
[Black "eldur16"]
[Result "1/2-1/2"]
[WhiteElo "2354"]
[BlackElo "2592"]
[TimeControl "180+2"]
[EndTime "13:38:25 PST"]
[Termination "Game drawn by repetition"]

1. e4 e6 2. d4 d5 3. Nc3 Nf6 4. e5 Nfd7 5. f4 c5 6. Nf3 Nc6 7. Be3 a6 8. Qd2 Be7 9. dxc5 Nxc5 10. Qf2 b6 11. O-O-O Qc7 12. f5 Nxe5 13. Nxe5 Qxe5 14. Bd4 Ne4 15. Nxe4 Qxe4 16. Bd3 Qg4 17. Kb1 exf5 18. h3 Qg5 19. h4 Qh6 20. Bxf5 O-O 21. Bxc8 Raxc8 22. Qf5 Qe6 23. Rhf1 b5 24. h5 Qe4 25. Qf2 Bh4 26. g3 Bg5 27. Rde1 Qg4 28. Qf5 Qxh5 29. Re5 h6 30. Rxd5 Qe2 31. Rh1 Rfe8 32. Rd7 Qe6 33.
Qxe6 Rxe6 34. Rf1 f6 35. Ra7 Rd8 36. c3 h5 37. Rh1 g6 38. g4 h4 39. Bf2 Rd2 40.
Ra8+ Kf7 41. Ra7+ Kg8 42. Ra8+ Kf7 43. Ra7+ Kg8 1/2-1/2

[Event "*** Titled Tuesday Blitz"]
[Site "Chess.com"]
[Date "2019.11.05"]
[Round "3"]
[White "przemekpiotrowski"]
[Black "Irishchessman16"]
[Result "1-0"]
[WhiteElo "2394"]
[BlackElo "2173"]
[TimeControl "180+2"]
[EndTime "13:38:27 PST"]
[Termination "przemekpiotrowski won by checkmate"]

1. d4 Nf6 2. Nf3 d5 3. g3 e6 4. Bg2 b5 5. O-O Nbd7 6. a4 b4 7. c3 Ba6 8. Bf4 c5 9. cxb4 cxb4 10. Nbd2 Be7 11. Nb3 O-O 12. Rc1 Rc8 13. Rxc8 Qxc8 14. Ne1 Nb6 15. a5 Nc4 16. Nd3 Bb5 17. Qa1 Nd7 18.
Rc1 Qc6 19. h4 Rc8 20. Re1 Nf6 21. Nbc5 Bxc5 22. Nxc5 Nh5 23. b3 Na3 24. Rc1 Nxf4 25.
gxf4 Bxe2 26. Nd3 Bxd3 27. Rxc6 Rxc6 28. Bf1 Bc2 29. Qe1 Rc3 30. f5 Bxf5 31. Qe5 Rc8 32. Qd6 Nc2 33. Qd7 Rf8 34. Qxa7 h6 35. Qc5 e5 36.
dxe5 d4 37. a6 d3 38. a7 d2 39. Qxf8+ Kxf8 40. a8=Q+ Ke7 41. Qb7+ Ke6 42. Bc4+ Kxe5 43.
Qd5+ Kf6 44. Qxf7+ Ke5 45. Qd5+ Kf4 46. Qxd2+ Kg4 47. Be2+ Kxh4 48. Qf4+ Kh3 49. Qg3# 1-0

[Event "*** Titled Tuesday Blitz"]
[Site "Chess.com"]
[Date "2019.11.05"]
[Round "3"]
[White "LastHeroJr"]
[Black "Niklas2304"]
[Result "1-0"]
[WhiteElo "2599"]
[BlackElo "2320"]
[TimeControl "180+2"]
[EndTime "13:38:32 PST"]
[Termination "LastHeroJr won by resignation"]

1. e4 c5 2. Nf3 d6 3. d4 cxd4 4.
Nxd4 Nf6 5. Nc3 a6 6. Bg5 Nbd7 7. f4 Qa5 8. Qf3 h6 9. Bh4 e5 10. Nf5 g6 11. fxe5 dxe5 12. Bxf6 Nxf6 13. Nd6+ Ke7 14.
O-O-O Bg4 15. Nd5+ Qxd5 16. Qxf6+ Kxf6 17. Rxd5 Be6 18.
Rd2 h5 19. Rf2+ Ke7 20. Nxb7 Bh6+ 21. Kb1 Rab8 22. Na5 Rhd8 23. Nc6+ Ke8 24. Nxd8 Rxd8 25. Bxa6 Bxa2+ 26. Kxa2 Ra8 27. Kb3 Rxa6 28. c3 Rb6+ 29. Kc2 Ke7 30. Ra1 Ke6 31. b4 f5 32. exf5+ gxf5 33. Kb3 e4 34. c4 Bf8 35. b5 Bc5 36. Rd2 e3 37. Rd3 f4 38. Kc3 Rb8 39. Ra6+ Kf7 40. Rd7+ Be7 41. Raa7 Re8 42. Kd3 Ke6 43. Rxe7+ Rxe7 44.
Rxe7+ Kxe7 45. g3 fxg3 46. hxg3 h4 47. gxh4 1-0

[Event "*** Titled Tuesday Blitz"]
[Site "Chess.com"]
[Date "2019.11.05"]
[Round "3"]
[White "aa175"]
[Black "cukus"]
[Result "1-0"]
[WhiteElo "2295"]
[BlackElo "2463"]
[TimeControl "180+2"]
[EndTime "13:38:32 PST"]
[Termination "aa175 won by resignation"]

1. d4 Nf6 2. Bf4 d5 3. e3 c5 4. Nf3 Nc6 5. Nbd2 cxd4 6. exd4 Bf5 7. c3 e6 8. Qb3 Qb6 9. Qxb6 axb6 10. Bb5 Nd7 11. Ne5 Ndxe5 12. Bxe5 f6 13. Bc7 Kd7 14. Bxb6 Bd6 15. Nb3 Rhc8 16. a4 Ke7 17. a5 Na7 18. Ba4 Bd3 19. Nc5 Ba6 20. Bd7 Rf8 21. Nxa6 Kxd7 22.
Nc5+ Kc6 23. O-O Nb5 24. Nxe6 Rfe8 25. Nxg7 Re2 26. b3 Nxc3 27. Rfc1 Bb4 28. Bc5 Kb5 29.
Nf5 Bxc5 30. dxc5 Kb4 31. Nd4 Rd2 32. c6 Rxd4 33. cxb7 Rb8 34. a6 Ne2+ 35. Kf1 Nxc1 36. Rxc1 Re4 37. a7 Ree8 38. axb8=Q Rxb8 39. Rc7 Kxb3 40. Rxh7 Kc2 41. Rd7 d4 42. Rxd4 Rxb7 43. g3 Kc3 44.
Rd6 Kc4 45. Rxf6 Rh7 46. Rf4+ Kd5 47. Rh4 Rf7 48. Kg2 Ke5 49. Ra4 Rb7 1-0

[Event "*** Titled Tuesday Blitz"]
[Site "Chess.com"]
[Date "2019.11.05"]
[Round "3"]
[White "Borsuk_Konstantin"]
[Black "SHIVACalypso"]
[Result "0-1"]
[WhiteElo "2508"]
[BlackElo "2283"]
[TimeControl "180+2"]
[EndTime "13:38:33 PST"]
[Termination "SHIVACalypso won on time"]

1. d4 Nf6 2. c4 e6 3. Nc3 Bb4 4. Qc2 O-O 5. a3 Bxc3+ 6. Qxc3 d5 7. Bg5 dxc4 8. e3 b5 9. a4 c6 10. Nf3 Bb7 11. Ne5 Nbd7 12. Nxd7 Qxd7 13. Bxf6 gxf6 14.
Be2 a6 15. h4 Qd6 16. Rh3 e5 17. Rd1 e4 18. h5 h6 19. Rh4 f5 20. Rf4 Bc8 21. g4 fxg4 22. Bxg4 f5 23. Be2 Qd5 24. f3 Bd7 25. Kf2 Kh8 26. Ra1 Be6 27. Qb4 Rg8 28. Qe7 Qd7 29. Qf6+ Kh7 30. fxe4 Raf8 31.
Qe5 fxe4 32. Qxe4+ Bf5 33. Qe5 Bc2 34. Rf1 Rxf4+ 35.
exf4 Qh3 36. Ke1 Bd3 37. Qe6 Qxe6 0-1